[Event "Qatar Masters-B 2024"]
[Site "Doha"]
[Date "2024.12.05"]
[Round "3.1"]
[White "Khalil, Manar"]
[Black "Zozek Salah Mohammed"]
[Result "0-1"]
[ECO "C07"]
[WhiteElo "1900"]
[BlackElo "2206"]
[Annotator "RC"]
[PlyCount "106"]
[EventDate "2024.11.24"]
[EventType "swiss"]
[EventCountry "QAT"]
[SourceTitle "playchess.com"]
[Source "ChessBase"]
[SourceQuality "1"]
[TimeControl "40/5400+30:1800+30"]

1. e4 e6 2. d4 d5 3. Nd2 c5 4. exd5 Qxd5 5. Ngf3 cxd4 6. Bc4 Qd6 7. O-O Nf6 8. Nb3 Nc6 9. Nbxd4 Nxd4 10. Nxd4 Be7 11. Nb5 Qc6 12. Qe2 a6 13. Bf4 O-O 14. Nd4 Qc5 15. Rad1 b5 16. Bb3 Bb7 17. Qe5 Rfd8 18. Rfe1 Bd5 19. c3 b4 20. cxb4 Qxb4 21. h3 Bxb3 22. Nxb3 Bd6 23. Qd4 Nd5 24. Bxd6 Qxd6 25. Rc1 Nb4 26. Qxd6 Rxd6 27. Rc4 Rb8 28. a3 Nd3 29. Re2 h5 30. Rc3 Nf4 31. Rec2 Rdb6 32. Rc8+ Rxc8 33. Rxc8+ Kh7 34. Nc5 Rxb2 35. a4 Rc2 36. Rc7 Nd5 37. Rc6 a5 38. g3 Nb4 39. Rc7 Nd5 40. Rc6 g5 41. Rc8 Nb6 42. Rc7 Nd5 43. Rc8 g4 44. h4 Nb6 45. Rc7 Nxa4 46. Nxe6 Rxc7 47. Nxc7 Nc5 48. f3 f5 49. fxg4 fxg4 50. Nb5 a4 51. Nc3 Kg6 52. Kf2 Kf5 53. Ke3 a3 0-1

[Event "Qatar Masters-B 2024"]
[Site "Doha"]
[Date "2024.12.05"]
[Round "3.2"]
[White "Mahmood Lodhi"]
[Black "Buirzayqah, Mohammed"]
[Result "1-0"]
[ECO "E60"]
[WhiteElo "2150"]
[BlackElo "1864"]
[Annotator "RC"]
[PlyCount "119"]
[EventDate "2024.11.24"]
[EventType "swiss"]
[EventCountry "QAT"]
[SourceTitle "playchess.com"]
[Source "ChessBase"]
[SourceQuality "1"]
[TimeControl "40/5400+30:1800+30"]

1. d4 Nf6 2. Nf3 g6 3. g3 Bg7 4. Bg2 O-O 5. O-O d6 6. c4 Nc6 7. b3 a6 8. Bb2 Rb8 9. d5 Na5 10. a4 c5 11. Nbd2 b5 12. axb5 axb5 13. Bc3 b4 14. Bb2 Bd7 15. Ra2 Ra8 16. Qc2 Qb6 17. e4 Ra7 18. h3 Rfa8 19. Rfa1 Nb7 20. Rxa7 Rxa7 21. Rxa7 Qxa7 22. Ne1 Qa2 23. Nd3 Nh5 24. Qb1 Qxb1+ 25. Nxb1 Na5 26. Bxg7 Nxg7 27. Nd2 Kf8 28. f4 Ke8 29. g4 h5 30. Bf3 hxg4 31. hxg4 Kf8 32. Kf2 Ne8 33. Kg3 Kg7 34. Bd1 Nb7 35. e5 e6 36. Bf3 exd5 37. Bxd5 Na5 38. exd6 Nxd6 39. Nxc5 Bc8 40. Nd3 Be6 41. Nxb4 Nxb3 42. Nxb3 Nxc4 43. Bxe6 fxe6 44. Nd3 Kf6 45. Nbc5 g5 46. Ne4+ Ke7 47. Nxg5 Nd2 48. Nc5 e5 49. f5 Nc4 50. Nce4 Ne3 51. Nf3 Nc4 52. Kh4 Kf8 53. Kg5 Kf7 54. Ned2 Nd6 55. Nxe5+ Kf8 56. f6 Kg8 57. Kg6 Kh8 58. Ndc4 Kg8 59. Nxd6 Kh8 60. g5 1-0

[Event "Qatar Masters-B 2024"]
[Site "Doha"]
[Date "2024.12.05"]
[Round "3.3"]
[White "Demirkol, Kerim Calvelo"]
[Black "Alhassadi, Yousef A."]
[Result "0-1"]
[ECO "D32"]
[WhiteElo "1859"]
[BlackElo "2126"]
[Annotator "NA RC"]
[PlyCount "48"]
[EventDate "2024.11.24"]
[EventType "swiss"]
[EventCountry "QAT"]
[SourceTitle "playchess.com"]
[Source "ChessBase"]
[SourceQuality "1"]
[TimeControl "40/5400+30:1800+30"]

1. d4 d5 2. c4 e6 3. Nf3 c5 4. cxd5 exd5 5. Nc3 Nf6 6. Bg5 Be6 7. e3 c4 8. e4 dxe4 9. Bxf6 Qxf6 10. Ne5 Nc6 11. Qa4 Bb4 12. Rc1 O-O 13. Nxc6 Bxc3+ 14. Rxc3 Bd7 15. d5 bxc6 16. dxc6 Bxc6 17. Qxc4 Rac8 18. Qa6 e3 19. fxe3 Qh4+ 20. Ke2 Bd7 21. Kd2 Bf5 22. Be2 Rfd8+ 23. Bd3 Qf2+ 24. Kd1 Rxc3 0-1

[Event "Qatar Masters-B 2024"]
[Site "Doha"]
[Date "2024.12.05"]
[Round "3.4"]
[White "Shermuhammadov, Samandar"]
[Black "Miladi, Amen"]
[Result "1-0"]
[ECO "C00"]
[WhiteElo "2108"]
[BlackElo "1878"]
[Annotator "NA RC"]
[PlyCount "129"]
[EventDate "2024.11.24"]
[EventType "swiss"]
[EventCountry "QAT"]
[SourceTitle "playchess.com"]
[Source "ChessBase"]
[SourceQuality "1"]
[TimeControl "40/5400+30:1800+30"]

1. e4 c5 2. Nf3 e6 3. d3 d5 4. Nbd2 Nf6 5. g3 Nc6 6. Bg2 Be7 7. O-O O-O 8. Re1 b5 9. e5 Nd7 10. Nf1 a5 11. h4 b4 12. N1h2 a4 13. a3 bxa3 14. bxa3 Ba6 15. Ng4 Rb8 16. h5 Nd4 17. Nxd4 cxd4 18. Nh2 Qc7 19. Nf3 Qc5 20. Bd2 Rfe8 21. Bb4 Qa7 22. Bxe7 Rxe7 23. h6 g6 24. Qd2 Rb2 25. Qf4 Rxc2 26. Nxd4 Rc8 27. Rec1 Qa8 28. Rxc8+ Qxc8 29. Rc1 Qf8 30. Nc6 Re8 31. Nb4 Bb5 32. d4 Bc4 33. Rc3 Nb6 34. g4 Nc8 35. Bf3 Nb6 36. g5 Rc8 37. Bg4 Bb3 38. Rc5 Nd7 39. Rb5 Rb8 40. Ra5 Ra8 41. Rxa8 Qxa8 42. Qc1 Bc4 43. Qc3 Qd8 44. f4 Qb6 45. Kf2 Qb5 46. Bd1 Nb6 47. Qc2 Kf8 48. Qc3 Kg8 49. Ke1 Kf8 50. Kd2 Kg8 51. Nc2 Nc8 52. Qb4 Qxb4+ 53. Nxb4 Bb5 54. Kc3 Ne7 55. Nd3 Nc8 56. Nc5 Nb6 57. Kb4 Be8 58. Bxa4 Kf8 59. Bb3 Nc8 60. Nb7 Ne7 61. a4 Nf5 62. Kc5 Ng3 63. a5 Ne4+ 64. Kb6 Nc3 65. a6 1-0

[Event "Qatar Masters-B 2024"]
[Site "Doha"]
[Date "2024.12.05"]
[Round "3.5"]
[White "Maraimov, Khudoyor"]
[Black "Gyana Sai Santhosh M"]
[Result "1-0"]
[ECO "C89"]
[WhiteElo "1832"]
[BlackElo "2090"]
[Annotator "NA RC"]
[PlyCount "81"]
[EventDate "2024.11.24"]
[EventType "swiss"]
[EventCountry "QAT"]
[SourceTitle "playchess.com"]
[Source "ChessBase"]
[SourceQuality "1"]
[TimeControl "40/5400+30:1800+30"]

1. e4 e5 2. Nf3 Nc6 3. Bb5 a6 4. Ba4 Nf6 5. d3 b5 6. Bb3 Be7 7. c3 d5 8. O-O Bg4 9. Nbd2 O-O 10. h3 Bh5 11. Re1 dxe4 12. dxe4 Bc5 13. Qe2 Qe7 14. Nf1 Na5 15. Bc2 Nc4 16. Ng3 Bg6 17. a4 Nh5 18. Nxh5 Bxh5 19. g4 Bg6 20. b3 Nd6 21. Be3 Bxe3 22. Qxe3 Nb7 23. Ra2 Rfe8 24. axb5 axb5 25. Rea1 Rxa2 26. Rxa2 Nd8 27. Ra5 c6 28. b4 Qf6 29. Ra8 h5 30. g5 Qe6 31. Nh4 Nb7 32. Bb3 Qxb3 33. Rxe8+ Kh7 34. Qd3 Qb2 35. Nxg6 Qc1+ 36. Kh2 fxg6 37. Qf3 Qxg5 38. Qf8 Qf4+ 39. Qxf4 exf4 40. e5 g5 41. Rb8 1-0

[Event "Qatar Masters-B 2024"]
[Site "Doha"]
[Date "2024.12.05"]
[Round "3.6"]
[White "Araoune, Saadi"]
[Black "Akramov, Khasan"]
[Result "1-0"]
[ECO "D85"]
[WhiteElo "2085"]
[BlackElo "1835"]
[Annotator "NA RC"]
[PlyCount "121"]
[EventDate "2024.11.24"]
[EventType "swiss"]
[EventCountry "QAT"]
[SourceTitle "playchess.com"]
[Source "ChessBase"]
[SourceQuality "1"]
[TimeControl "40/5400+30:1800+30"]

1. d4 Nf6 2. c4 g6 3. Nc3 d5 4. cxd5 Nxd5 5. Bd2 c5 6. e4 Nxc3 7. Bxc3 cxd4 8. Bxd4 e5 9. Bxe5 Bb4+ 10. Bc3 Bxc3+ 11. bxc3 Qa5 12. Qb3 O-O 13. Bc4 Nc6 14. Ne2 Qc5 15. Qb5 Qe7 16. Bd5 a6 17. Qb3 Bg4 18. f3 Bd7 19. Qb6 Ne5 20. O-O Bb5 21. Qe3 Rac8 22. Rfb1 Nc4 23. Qf2 Na3 24. Rc1 Bxe2 25. Qxe2 b5 26. f4 Rfd8 27. Qf3 Nc4 28. f5 Qc5+ 29. Kh1 Ne5 30. Qg3 Re8 31. fxg6 hxg6 32. Rf1 Rc7 33. Rac1 Kg7 34. Rf5 Qe7 35. Rcf1 Rd7 36. Rh5 f6 37. Rh3 Rdd8 38. Qe3 Rh8 39. Rxh8 Rxh8 40. Qb6 g5 41. Qb7 Qxb7 42. Bxb7 Rb8 43. Bxa6 Rb6 44. Bc8 Rc6 45. Bb7 Rxc3 46. h3 Rc2 47. Bd5 Nd3 48. Bb3 Rb2 49. Kg1 Re2 50. Rf5 Nf4 51. Kf1 Rxe4 52. Rxb5 Nd3 53. Rb7+ Kh6 54. Kg1 Re1+ 55. Kh2 Nf4 56. Bc2 Ng6 57. a4 Re2 58. Rc7 g4 59. hxg4 Nf4 60. Kg3 Ne6 61. Rh7+ 1-0

[Event "Qatar Masters-B 2024"]
[Site "Doha"]
[Date "2024.12.05"]
[Round "3.7"]
[White "Achour, Mohamed Anis"]
[Black "AlJamaat, Khaled"]
[Result "1-0"]
[ECO "B13"]
[WhiteElo "2051"]
[BlackElo "1763"]
[Annotator "NA RC"]
[PlyCount "119"]
[EventDate "2024.11.24"]
[EventType "swiss"]
[EventCountry "QAT"]
[SourceTitle "playchess.com"]
[Source "ChessBase"]
[SourceQuality "1"]
[TimeControl "40/5400+30:1800+30"]

1. d4 d5 2. Bf4 c5 3. e3 Nc6 4. Nf3 Nf6 5. c3 cxd4 6. exd4 Bf5 7. Bd3 Bxd3 8. Qxd3 Qb6 9. Qc2 Rc8 10. Qb3 Qa6 11. a4 Nh5 12. Bg3 e6 13. Qb5 Nxg3 14. hxg3 Bd6 15. Nbd2 O-O 16. O-O Qa5 17. Qxb7 Ne7 18. Qb5 Qc7 19. Qd3 Rb8 20. b4 Rfc8 21. Rfc1 Nf5 22. Nb3 Qe7 23. a5 g6 24. Nc5 Kg7 25. g4 Nh6 26. g5 Ng8 27. Re1 h6 28. Qe3 hxg5 29. Qxg5 Nf6 30. g4 Rh8 31. Kg2 Bxc5 32. dxc5 Qc7 33. Qe5 Qxe5 34. Nxe5 Ne4 35. Rac1 Rh4 36. f3 Rbh8 37. fxe4 Rh2+ 38. Kf1 dxe4 39. g5 Rh1+ 40. Ke2 R1h2+ 41. Ke3 R2h3+ 42. Kd4 Rd8+ 43. Kc4 Rh4 44. Kb5 Rd5 45. Nc6 Rxg5 46. Nxa7 Rd5 47. Nc6 Rh8 48. Rxe4 Ra8 49. a6 Kf8 50. Rh1 Kg7 51. Rd4 g5 52. Rxd5 exd5 53. Ne7 g4 54. Rg1 Kf6 55. Nxd5+ Ke5 56. Nb6 Ra7 57. Rxg4 f5 58. Rg1 Kf4 59. Nc4 Kf3 60. Rf1+ 1-0

[Event "Qatar Masters-B 2024"]
[Site "Doha"]
[Date "2024.12.05"]
[Round "3.8"]
[White "Ashwath Narayanan P"]
[Black "Zayed, Ali Al-hamed"]
[Result "0-1"]
[ECO "B41"]
[WhiteElo "1760"]
[BlackElo "2039"]
[Annotator "NA RC"]
[PlyCount "122"]
[EventDate "2024.11.24"]
[EventType "swiss"]
[EventCountry "QAT"]
[SourceTitle "playchess.com"]
[Source "ChessBase"]
[SourceQuality "1"]
[TimeControl "40/5400+30:1800+30"]

1. e4 c5 2. Nf3 e6 3. d4 cxd4 4. Nxd4 a6 5. c4 Qc7 6. Nc3 Nf6 7. Bd3 Nc6 8. Be3 Ne5 9. Rc1 Nxd3+ 10. Qxd3 d6 11. f3 Be7 12. O-O O-O 13. Kh1 b6 14. Rfd1 Bb7 15. Nb3 Rfd8 16. Qe2 Rac8 17. Nd2 Nd7 18. Bd4 Qb8 19. Qf2 Bc6 20. Nf1 b5 21. cxb5 axb5 22. a3 b4 23. axb4 Qxb4 24. Ra1 Rb8 25. Ne2 Nc5 26. Bc3 Qb7 27. Nd4 Ba4 28. Rdb1 Bd7 29. Nd2 Na4 30. Ba5 Rdc8 31. b3 Qa7 32. Bb6 Qxb6 33. bxa4 Qxb1+ 34. Rxb1 Rxb1+ 35. Nxb1 Rc1+ 36. Qg1 Rxg1+ 37. Kxg1 Bxa4 38. Nc3 Bd7 39. Kf2 d5 40. Ke2 Bf6 41. Kd3 e5 42. Nb3 d4 43. Nc5 Bc6 44. Nd5 Bb5+ 45. Kc2 Bf1 46. Nxf6+ gxf6 47. g3 Kf8 48. Nb3 Ke7 49. Nd2 Be2 50. Kb3 Kd6 51. Kb4 Kc6 52. f4 Bd3 53. fxe5 fxe5 54. Nf3 f6 55. Nd2 f5 56. exf5 Bxf5 57. Kc4 Be6+ 58. Kd3 Kd5 59. Ke2 e4 60. Nf1 Bg4+ 61. Kf2 Bh3 0-1

[Event "Qatar Masters-B 2024"]
[Site "Doha"]
[Date "2024.12.05"]
[Round "3.9"]
[White "Adeimi, Michel"]
[Black "Mua, Nasrudin"]
[Result "1-0"]
[ECO "B09"]
[WhiteElo "2004"]
[BlackElo "1717"]
[Annotator "NA RC"]
[PlyCount "87"]
[EventDate "2024.11.24"]
[EventType "swiss"]
[EventCountry "QAT"]
[SourceTitle "playchess.com"]
[Source "ChessBase"]
[SourceQuality "1"]
[TimeControl "40/5400+30:1800+30"]

1. e4 d6 2. d4 Nf6 3. Nc3 g6 4. f4 Bg7 5. e5 dxe5 6. fxe5 Nd5 7. Bc4 c6 8. Qf3 Be6 9. Nge2 O-O 10. Ne4 h6 11. Nc5 Bc8 12. O-O b6 13. Nd3 e6 14. Qh3 Kh7 15. Ng3 Ne7 16. c3 Nf5 17. Ne4 Qh4 18. Qf3 Nd7 19. g4 Ne7 20. g5 Nf5 21. Bd2 hxg5 22. Bxg5 Qh5 23. Qg2 Kg8 24. Nf4 Qh7 25. Rae1 Re8 26. Qg4 Bh6 27. Bf6 Bxf4 28. Rxf4 Qh5 29. Qg2 Kf8 30. Be2 Qh6 31. Bg5 Qh8 32. Ref1 Bb7 33. Nd6 Rab8 34. Bd3 Nxd6 35. exd6 f5 36. Rh4 Qg8 37. Qh3 Kg7 38. Be7 Rxe7 39. dxe7 Re8 40. Rf3 Rxe7 41. Rg3 Nf6 42. Rh6 Kf7 43. Qh4 c5 44. Qg5 1-0

[Event "Qatar Masters-B 2024"]
[Site "Doha"]
[Date "2024.12.05"]
[Round "3.10"]
[White "Elarcosa, Rommel T."]
[Black "ADEWOLE, Adeyinka Samuel"]
[Result "0-1"]
[ECO "A80"]
[WhiteElo "1645"]
[BlackElo "1954"]
[Annotator "NA RC"]
[PlyCount "78"]
[EventDate "2024.11.24"]
[EventType "swiss"]
[EventCountry "QAT"]
[SourceTitle "playchess.com"]
[Source "ChessBase"]
[SourceQuality "1"]
[TimeControl "40/5400+30:1800+30"]

1. d4 f5 2. Bg5 h6 3. Bh4 d5 4. e3 g6 5. Nc3 Bg7 6. Nf3 c6 7. Ne5 Bxe5 8. dxe5 Qc7 9. Bg3 e6 10. Be2 Nd7 11. Qd2 h5 12. f4 h4 13. Bf2 g5 14. O-O-O g4 15. Kb1 Ne7 16. Rc1 a6 17. Ka1 b5 18. Nb1 Nc5 19. Bd3 Nb7 20. Qe1 Ng6 21. b3 a5 22. Qc3 Qb6 23. Rhf1 c5 24. Qb2 b4 25. c4 a4 26. Nd2 h3 27. g3 O-O 28. cxd5 exd5 29. Kb1 Be6 30. Rc2 Ra5 31. e4 fxe4 32. Nxe4 dxe4 33. Bxe4 axb3 34. axb3 Qa6 35. Rd1 Ra8 36. Kc1 Ra1+ 37. Kd2 Rd8+ 38. Ke3 Rdxd1 39. Re2 Ra3 0-1